 Dungeon Crawl Stone Soup version 0.21.0-3-g78d12a8 (webtiles) character file.

34 Monsterracer the Ducker (level 3, -5/26 HPs)
             Began as a Merfolk Air Elementalist on Jan 9, 2018.
             Slain by a gnoll
             ... wielding a +0 spear
              (9 damage)
             ... on level 1 of the Dungeon.
             The game lasted 00:04:03 (1952 turns).

Monsterracer the Ducker (Merfolk Air Elementalist)  Turns: 1952, Time: 00:04:04

Health: -5/26      AC:  5    Str:  9    XL:     3   Next: 31%
Magic:  6/6        EV: 11    Int: 14    God:
Gold:   112        SH:  0    Dex: 14    Spells: 3/6 levels left

rFire    . . .     SeeInvis .   k - +0 short sword (freeze)
rCold    . . .     Gourm    .   (no shield)
rNeg     . . .     Faith    .   b - +0 ring mail
rPois    .         Spirit   .   (no helmet)
rElec    .         Reflect  .   (no cloak)
rCorr    .         Harm     .   (no gloves)
MR       +....                  (no boots)
Stlth    +.........             (no amulet)
HPRegen  0.08/turn              g - ring of protection from magic {!d}
MPRegen  0.10/turn              (no ring)

@: very slightly contaminated, invisible
A: change form in water, swift swim, stealthy swim
a: no special abilities


You were on level 1 of the Dungeon.
You were near starving.

You visited 1 branch of the dungeon, and saw 2 of its levels.

You collected 112 gold pieces.

Inventory:

Hand Weapons
 k - a +0 short sword of freezing (weapon)
Missiles
 e - 3 javelins (quivered)
Armour
 b - a +0 ring mail (worn)
 n - a cursed +0 chain mail
Jewellery
 g - a ring of protection from magic (left hand) {!d}
Scrolls
 f - a scroll of noise {unknown}
 j - a scroll of immolation {unknown}
 m - a scroll of remove curse {unknown}
 q - a scroll of enchant weapon {unknown}
Potions
 h - a potion of curing
 i - a potion of haste
 l - a potion of mutation {!q}
Comestibles
 c - 4 rations


   Skills:
 + Level 1.5 Fighting
 * Level 2.2 Throwing
 - Level 2.7 Dodging
 - Level 2.1 Stealth
 - Level 2.0 Spellcasting
 - Level 0.7 Conjurations
 - Level 2.4 Air Magic


You had 3 spell levels left.
You knew the following spells:

 Your Spells              Type           Power        Failure   Level  Hunger
a - Shock                 Conj/Air       #...         34%         1    ##.....
b - Swiftness             Chrm/Air       #.......     52%         2    ###....


Dungeon Overview and Level Annotations

Branches:
Dungeon (2/15)

Altars:


Message History

You take 7 damage, and have 8/26 hp.
MASSIVE DAMAGE!!
There is an open door here.
The gnoll barely misses you.
There is an open door here.
Throwing (i - inventory):
e - 4 javelins (quivered)
Press: ? - help, Shift-Dir - straight line, f/p - gnoll
Aim: a gnoll, wielding a spear You throw a javelin.
The javelin hits the gnoll.
The gnoll is lightly wounded.
The gnoll hits you from afar with a spear.
* * * LOW HITPOINT WARNING * * *
You take 1 damage, and have 9/26 hp.
There is an open door here.
You see here a javelin.
There is an open door here.
There is an open door here.
You see here a javelin.
e - 4 javelins (gained 1)
There is an open door here.
You are feeling very hungry.
There is an open door here.
The gnoll hits you from afar with a spear!
* * * LOW HITPOINT WARNING * * *
You take 10 damage, and have 1/26 hp.
MASSIVE DAMAGE!!
There is an open door here.
There is an open door here.
There is an open door here.
There is an open door here.
There is an open door here.
There is an open door here.
There is an open door here.
There is an open door here.
There is an open door here.
There is an open door here.
There is an open door here.
There is an open door here.
There is an open door here.
The gnoll hits you but does no damage.
There is an open door here.
There is an open door here.
The gnoll barely misses you.
There is an open door here.
The gnoll hits you from afar with a spear.
* * * LOW HITPOINT WARNING * * *
You take 2 damage, and have 5/26 hp.
Throwing (i - inventory):
e - 4 javelins (quivered)
Press: ? - help, Shift-Dir - straight line, f/p - gnoll
Aim: a gnoll, wielding a spear
Okay, then.
Throwing (i - inventory):
e - 4 javelins (quivered)
Press: ? - help, Shift-Dir - straight line, f/p - gnoll
Aim: a gnoll, wielding a spear You throw a javelin.
The javelin hits the gnoll.
The gnoll is lightly wounded.
The gnoll hits you from afar with a spear.
* * * LOW HITPOINT WARNING * * *
The gnoll hits you from afar with a spear.
* * * LOW HITPOINT WARNING * * *
You take 6 damage, and have 4/26 hp.
MASSIVE DAMAGE!!
Okay, then.
You see here a whip.
You are near starving!
You see here a javelin.
The gnoll hits you from afar with a spear.
* * * LOW HITPOINT WARNING * * *
You take 1 damage, and have 9/26 hp.
You see here a whip.
You see here a whip.
You fade into invisibility!
The gnoll closely misses you.
You are very lightly contaminated with residual magic.
The gnoll hits you with a spear.
* * * LOW HITPOINT WARNING * * *
You take 5 damage, and have 6/26 hp.
You hit the gnoll. You freeze the gnoll.
The gnoll is moderately wounded.
The gnoll closely misses you.
You closely miss the gnoll.
The gnoll is moderately wounded.
The gnoll barely misses you.
Unknown command.
You hit the gnoll. You freeze the gnoll.
The gnoll is severely wounded.
The gnoll closely misses you.
You closely miss the gnoll.
The gnoll is severely wounded.
The gnoll hits you with a spear.
* * * LOW HITPOINT WARNING * * *
You take 3 damage, and have 3/26 hp.
You hit the gnoll but do no damage.
The gnoll is severely wounded.
The gnoll closely misses you.
You hit the gnoll but do no damage.
The gnoll is severely wounded.
The gnoll closely misses you.
Unknown command.
You hit the gnoll but do no damage.
The gnoll is severely wounded.
The gnoll hits you with a spear!
You die...

#.##.#.#####.#####....#...
#....#.......#####....####
######.>.....#........#
#.......#.###########
#.......#.#..........
#)#####.#(#..........
########.# #.#.#...###....
#........#####.#.#..## ##...
#.##......g@...#.#..## ##...
#.##.###########.#...###...#
#.##.#..#........#........##
#.##.#........##..........#.
#.##..........####........##
#.#####.......# #...###...#
#.....+.......# #..## ##...
#######.....### #..## ##...
######## #.....# #...###....


You could see a gnoll.

Vanquished Creatures
  A leopard gecko (D:1)
  A ball python (D:1)
  7 bats
  A giant cockroach (D:2)
  2 goblins (D:2)
  8 hobgoblins
  6 frilled lizards
  2 kobolds (D:1)
  3 rats
31 creatures vanquished.

Notes
Turn   | Place    | Note
-------+----------+-------------------------------------------
     0 | D:1      | Monsterracer the Merfolk Air Elementalist began the quest for the Orb.
     0 | D:1      | Reached XP level 1. HP: 13/13 MP: 3/3
   172 | D:1      | Reached skill level 1 in Throwing
   172 | D:1      | Reached XP level 2. HP: 20/20 MP: 0/5
   340 | D:1      | Reached skill level 1 in Fighting
  1106 | D:1      | Reached XP level 3. HP: 21/26 MP: 6/6
  1350 | D:2      | Learned a level 2 spell: Swiftness
  1661 | D:1      | HP: 8/26 [gnoll/spear (7)]
  1681 | D:1      | HP: 9/26 [gnoll/spear (1)]
  1708 | D:1      | HP: 1/26 [gnoll/spear (10)]
  1784 | D:1      | HP: 5/26 [gnoll/spear (2)]
  1845 | D:1      | HP: 9/26 [gnoll/spear (1)]
  1845 | D:1      | HP: 4/26 [gnoll/spear (5)]
  1919 | D:1      | HP: 9/26 [gnoll/spear (1)]
  1945 | D:1      | HP: 6/26 [gnoll/spear (5)]
  1952 | D:1      | Slain by a gnoll

Skill      XL: |  1  2 |
---------------+-------+-----
Throwing       | 1 2 |  2.2
Fighting       | 1 |  1.5
Dodging        | |  2.7
Stealth        | |  2.1
Spellcasting   | |  2.0
Conjurations   | |  0.7
Air Magic      | |  2.4

Action                   || total
-------------------------++-------
Melee: Short sword       ||    46
       Unarmed           ||     5
Throw: Javelin           ||     5
 Cast: Shock             ||    27
  Use: Scroll            ||     5
       Potion            ||     1
 Stab: Sleeping          ||     2
  Eat: Chunk             ||     2
Armor: Robe              ||     7
       Ring mail         ||     4
Dodge: Dodged            ||    40

Vault maps used:
D:1:      erik_arrival_cave_to_civilisation, minmay_misc_feat_enclosed
D:2:      uniq_crazy_yiuf_cottage
